 Dungeon Crawl Stone Soup version 0.29-a0-1027-gcd8c55af63 (webtiles) character file.

Game seed: 5907357171868656465

74 27heaven the Cudgeller (level 4, -1/48 HPs)
             Began as an Ogre Monk on Aug 12, 2022.
             Was an Initiate of Gozag.
             Slain by an orc
             ... wielding a +0 whip
              (6 damage)
             ... on level 3 of the Dungeon.
             The game lasted 00:07:53 (1896 turns).

27heaven the Cudgeller (Ogre Monk)                  Turns: 1896, Time: 00:07:53

Health: -1/48      AC:  3    Str: 17    XL:     4   Next: 30%
Magic:  4/4        EV: 10    Int: 11    God:    Gozag
Gold:   267        SH:  0    Dex: 11    Spells: 3/3 levels left

rFire   . . .      SeeInvis .   a - +0 mace
rCold   . . .      Faith    .   (no shield)
rNeg    . . .      Spirit   .   b - +0 robe
rPois   .          Reflect  .   (helmet restricted)
rElec   .          Harm     .   (no cloak)
rCorr   .          Rampage  .   (gloves unavailable)
Will    .....                   (boots unavailable)
Stlth   ++........              (no amulet)
HPRegen 0.16/turn               (no ring)
MPRegen 0.09/turn               (no ring)

@: no status effects
A: large, unfitting armour, tough skin 1
a: Renounce Religion, Potion Petition, Call Merchant, Bribe Branch


You were on level 3 of the Dungeon.
You worshipped Gozag.
Gozag was aware of your devotion.
You visited 1 branch of the dungeon, and saw 3 of its levels.

You collected 267 gold pieces.

Inventory:

Hand Weapons
 a - a +0 mace (weapon)
Missiles
 l - 2 throwing nets (quivered)
Armour
 b - a +0 robe (worn)
Jewellery
 p - a +6 ring of intelligence
Wands
 q - a wand of mindburst (11)
Scrolls
 d - a scroll of poison {unknown}
 e - 5 scrolls of identify {unknown}
 g - a scroll of enchant weapon {unknown}
 i - a scroll of fog {unknown}
 j - a scroll of noise {unknown}
 k - 2 scrolls of magic mapping {unknown}
Potions
 c - a potion of ambrosia
 f - a potion of heal wounds {unknown}
 h - a potion of curing
 m - a potion of berserk rage {unknown}
 n - a potion of mutation {unknown}
 o - a potion of invisibility {unknown}
 r - 2 potions of flight {unknown}


   Skills:
 - Level 4.0 Fighting
 + Level 4.5 Maces & Flails
 - Level 2.6 Dodging
 - Level 1.4 Stealth


You had 3 spell levels left.
You didn't know any spells.
Your spell library contained the following spells:

 Spells                   Type           Power      Damage    Failure   Level
 Alistair's Intoxication  Tmut/Pois      0%         N/A       100%        5
 Borgnjor's Vile Clutch   Necr/Erth      0%         N/A       100%        5
 Eringya's Noxious Bog    Tmut/Pois      0%         N/A       100%        6
 Borgnjor's Revivificati  Necr           0%         N/A       100%        8
 Necromutation            Tmut/Necr      0%         N/A       100%        8
 Death's Door             Necr           0%         N/A       100%        9


Dungeon Overview and Level Annotations

Branches:
Dungeon (3/15)

Altars:
Gozag

Annotations:
D:3 1 runed translucent door, vilexx's ghost, weakling GrSu


Innate Abilities, Weirdness & Mutations

You are too large for most types of armour.
You have tough skin. (AC +1)


Message History

You closely miss the orc. The orc completely misses you.
You hit the orc.
The orc is severely wounded.
The orc hits you with a +0 whip.
You barely miss the orc.
The orc is heavily wounded.
The orc barely misses you.
You hit the orc.
The orc is severely wounded.
The orc hits you with a +0 whip.
* * * LOW HITPOINT WARNING * * *
The orc closely misses you.
You closely miss the orc. Your punch misses the orc.
The orc is severely wounded.
The goblin hits you with a +0 dagger.
* * * LOW HITPOINT WARNING * * *
The orc hits you but does no damage.
You hit the orc but do no damage.
The orc is severely wounded.
The goblin hits you but does no damage. The orc hits you but does no damage.
You barely miss the orc.
The orc is severely wounded.
The goblin hits you with a +0 dagger.
* * * LOW HITPOINT WARNING * * *
The orc hits you with a +0 whip.
* * * LOW HITPOINT WARNING * * *
The orc attacks as you move away! The orc misses you.
The orc attacks as you move away! The orc hits you with a +0 whip.
* * * LOW HITPOINT WARNING * * *
It was a potion of curing.
You feel better. The orc hits you with a +0 whip.
* * * LOW HITPOINT WARNING * * *
You hit the orc.
The orc is almost dead.
The orc hits you with a +0 whip.
* * * LOW HITPOINT WARNING * * *
You barely miss the orc.
The orc is almost dead.
The orc hits you with a +0 whip.
You die...
Your body crumbles into a pile of gold.

.##......# #..... ...##(..
.##......####....#.. #........
.######............. ........ ##
#....#### #.. #......< #
####....# #..######...#### #
#....#..# #...#.......#
##.#.###.# #......#..## #
###..#.# #.#########...#......##.
>...#..# #......@og...##.........
#####.#####...####.######.....#..
##.#.....#......# #.....#..
#....############ #.....#..
#...## #.....##. #...# #.....# .
##### ####### . . .


You could see an orc and a goblin.

Vanquished Creatures
  3 adders
  3 dart slugs
  5 ball pythons
  2 bats
  8 endoplasms
  2 giant cockroaches
  4 hobgoblins
  3 jackals (D:3)
  3 kobolds
  A quokka (D:1)
  4 frilled lizards
  2 rats
40 creatures vanquished.

Vanquished Creatures (others)
  A plant (D:2)
1 creature vanquished.

Grand Total: 41 creatures vanquished

Notes
Turn   | Place    | Note
-------+----------+-------------------------------------------
     0 | D:1      | 27heaven the Ogre Monk began the quest for the Orb.
     0 | D:1      | Reached XP level 1. HP: 24/24 MP: 1/1
   106 | D:1      | Reached XP level 2. HP: 32/32 MP: 2/2
   194 | D:1      | Found a faded altar of an unknown god.
   224 | D:1      | Prayed at the altar of an unknown god.
   224 | D:1      | Became a worshipper of Gozag Ym Sagoz the Greedy
   692 | D:2      | Reached XP level 3. HP: 32/39 MP: 3/3
  1588 | D:3      | Found a runed translucent door.
  1588 | D:3      | Noticed vilexx's ghost (weakling GrSu)
  1689 | D:3      | Reached XP level 4. HP: 47/48 MP: 4/4
  1893 | D:3      | HP: 1/48 [orc/+0 whip (6)]
  1896 | D:3      | Slain by an orc

Illustrated notes

Levels and vault maps discovered:
D:1:      onia_arrival_handbag, layout_basic, ebering_ecumenical_altar_ruins,
          chequers_serial_rivers_micro_c
D:2:      cheibrodos_old_hovel, layout_basic, corexii_shack,
          minmay_misc_feat_diagonals
D:3:      layout_rooms, nicolae_overflow_two_pavilions,
          nicolae_kikubaaqudgha_miasma_corner, ebering_ghost_inner_flame

Skill      XL: |  1  2  3 |
---------------+----------+-----
Maces & Flails | 3 4 |  4.5
Fighting       | |  4.0
Dodging        | |  2.6
Stealth        | |  1.4

Action                   |  1- 3 |  4- 6 || total
-------------------------+-------+-------++-------
Melee: Mace              |    97 |    38 ||   135
       Punch             |     2 |       ||     2
  Use: Potion            |       |     1 ||     1
 Stab: Sleeping          |     8 |     1 ||     9
Armor: Robe              |    37 |     9 ||    46
Dodge: Dodged            |    44 |    18 ||    62

Table legend: (Time is in decaauts)
 A = Elapsed time spent in this place.
 B = Non-inter-level travel time spent in this place.
 C = Inter-level travel time spent in this place.
 D = Time resting spent in this place.
 E = Time spent auto-exploring this place.
 F = Levels seen in this place.
 G = Mean time per level.
                   A        B        C        D        E       F      G
               +--------+--------+--------+--------+--------+-----+--------+
         Total |   1923 |   1902 |     21 |      0 |    616 |   3 |  641.0 |
       Dungeon |   1923 |   1902 |     21 |      0 |    616 |   3 |  641.0 |
               +--------+--------+--------+--------+--------+-----+--------+

Top non-repeatable levels by time:
     D:2: 1015 daAuts
     D:1: 635 daAuts
     D:3: 272 daAuts
